 Dungeon Crawl Stone Soup version 0.27-a0-836-gfc908b8576 (webtiles) character file.

Game seed: 18133296432650068078

216 polve the Changer (level 5, -6/40 HPs)
             Began as a Draconian Transmuter on Mar 31, 2021.
             Mangled by a wyvern zombie (15 damage)
             ... on level 4 of the Dungeon.
             The game lasted 00:02:49 (4286 turns).

polve the Changer (Draconian Transmuter)            Turns: 4286, Time: 00:02:49

Health: -6/40      AC:  5    Str: 13    XL:     5   Next: 61%
Magic:  8/8        EV: 12    Int: 14    God:
Gold:   131        SH:  0    Dex: 11    Spells: 7/8 levels left

rFire    . . .     SeeInvis .     - Unarmed
rCold    . . .     Faith    .   (no shield)
rNeg     . . .     Spirit   .   (armour unavailable)
rPois    .         Reflect  .   (helmet currently unavailable)
rElec    .         Harm     .   (no cloak)
rCorr    .         Rampage  .   (no gloves)
Will     .....                  (boots currently unavailable)
Stlth    +.........             (no amulet)
HPRegen  0.13/turn              (no ring)
MPRegen  0.11/turn              (no ring)

@: appendages
A: horns 2, talons 2, AC +5, unfitting armour, cold-blooded
a: End Transformation


You were on level 4 of the Dungeon.
You had temporarily grown beastly horns and talons.
You visited 1 branch of the dungeon, and saw 4 of its levels.

You collected 131 gold pieces.

Inventory:

Wands
 i - a wand of flame (10)
 j - a wand of digging (4)
Scrolls
 a - a scroll of torment {unknown}
 b - a scroll of fog {unknown}
 c - 2 scrolls of identify {unknown}
 e - a scroll of enchant armour {unknown}
 f - a scroll of magic mapping {unknown}
Potions
 d - a potion of ambrosia {unknown}
 g - a potion of degeneration {unknown}
 h - a potion of brilliance {unknown}


   Skills:
 - Level 1.1 Fighting
 - Level 1.7 Dodging
 - Level 3.0 Unarmed Combat
 - Level 2.0 Spellcasting
 + Level 6.0 Transmutations


You had 7 spell levels left.
You knew the following spells:

 Your Spells              Type           Power      Damage    Failure   Level
a - Beastly Appendage     Tmut           36%        N/A       1%          1

Your spell library contained the following spells:

 Spells                   Type           Power      Damage    Failure   Level
 Wereblood                Tmut           18%        N/A       3%          2
 Spider Form              Tmut/Pois      4%         N/A       21%         3
 Corona                   Hex            1%         N/A       24%         1
 Pain                     Necr           4%         1d4       24%         1
 Summon Small Mammal      Summ           4%         N/A       24%         1
 Slow                     Hex            1%         N/A       34%         2
 Hydra Form               Tmut           9%         N/A       50%         5
 Call Canine Familiar     Summ           1%         N/A       56%         3
 Confusing Touch          Hex            1%         N/A       56%         3
 Gell's Gravitas          Tloc           0%         N/A       56%         3
 Inner Flame              Hex/Fire       1%         N/A       56%         3
 Portal Projectile        Hex/Tloc       2%         N/A       56%         3
 Ice Form                 Ice/Tmut       9%         N/A       56%         4
 Petrify                  Tmut/Erth      9%         N/A       56%         4
 Yara's Violent Unravell  Hex/Tmut       4%         3d4       88%         5
 Cause Fear               Hex            0%         N/A       93%         4
 Leda's Liquefaction      Hex/Erth       0%         N/A       93%         4
 Metabolic Englaciation   Hex/Ice        0%         N/A       100%        5
 Summon Forest            Summ/Tloc      0%         N/A       100%        5
 Malign Gateway           Summ/Tloc      0%         N/A       100%        7


Dungeon Overview and Level Annotations

Branches:
Dungeon (4/15)
 Temple: D:4-7

Altars:
Okawaru
Trog
Zin
The Shining One


Innate Abilities, Weirdness & Mutations

You have temporarily grown beastly horns and talons.
Your plain brown scales are hard. (AC +5)
You cannot fit into any form of body armour.
You are cold-blooded and may be slowed by cold attacks.


Message History

You are too injured to fight recklessly!
You are too injured to fight recklessly!
You are too injured to fight recklessly!
You are too injured to fight recklessly!
You are too injured to fight recklessly!
You are too injured to fight recklessly!
You are too injured to fight recklessly!
You are too injured to fight recklessly!
You are too injured to fight recklessly!
You are too injured to fight recklessly!
You are too injured to fight recklessly!
You are too injured to fight recklessly!
You are too injured to fight recklessly!
You are too injured to fight recklessly!
You are too injured to fight recklessly!
You are too injured to fight recklessly!
You are too injured to fight recklessly!
You hit the wyvern zombie.
You claw the wyvern zombie, but do no damage.
The wyvern zombie is lightly damaged.
The wyvern zombie bites you.
You hit the wyvern zombie. You headbutt the wyvern zombie.
The wyvern zombie is moderately damaged.
The wyvern zombie completely misses you.
The wyvern zombie bites you.
You hit the wyvern zombie. You claw the wyvern zombie.
The wyvern zombie is heavily damaged.
The wyvern zombie bites you but does no damage.
You hit the wyvern zombie but do no damage.
The wyvern zombie is heavily damaged.
The wyvern zombie bites you!
* * * LOW HITPOINT WARNING * * *
You hit the wyvern zombie. You claw the wyvern zombie.
The wyvern zombie is severely damaged.
The wyvern zombie bites you but does no damage.
You hit the wyvern zombie but do no damage.
You claw the wyvern zombie, but do no damage.
The wyvern zombie is severely damaged.
The wyvern zombie bites you!
You die...

...<.........
............. ...#
.......#..... ...#
...[...#..... ....#
.......# .... .....
.......###### ......
.#.#####....# ###......
.#...# #....####.Z......
.###.###........@....#
.......#..............>.
#.#.#..#................
...................#....
.#.#.#)###..........)#..
.......# #.........### .
#.#.#.#. #.........#
...... .##.........#
.#.#.# #.#.........#


You could see a wyvern zombie.

Vanquished Creatures
  A scorpion (D:2)
  A jelly (D:3)
  Jessica (D:3)
  An adder (D:4)
  2 worms
  2 dart slugs (D:2)
  5 orcs
  3 bats
  4 endoplasms
  4 giant cockroaches
  8 goblins
  3 hobgoblins
  13 jackals (D:1)
  5 kobolds
  3 quokkas
  3 ball pythons
  3 frilled lizards (D:1)
  2 rats
64 creatures vanquished.

Notes
Turn   | Place    | Note
-------+----------+-------------------------------------------
     0 | D:1      | polve the Draconian Transmuter began the quest for the Orb.
     0 | D:1      | Reached XP level 1. HP: 16/16 MP: 3/3
   181 | D:1      | Reached XP level 2. HP: 23/23 MP: 3/5
   305 | D:1      | Reached skill level 3 in Transmutations
  1079 | D:1      | Reached XP level 3. HP: 28/28 MP: 4/6
  1805 | D:2      | Reached skill level 4 in Transmutations
  1880 | D:2      | Found a glowing silver altar of Zin.
  2143 | D:2      | Noticed a scorpion
  2153 | D:2      | Killed a scorpion
  2154 | D:2      | Reached skill level 5 in Transmutations
  2154 | D:2      | Reached XP level 4. HP: 8/35 MP: 5/7
  2414 | D:2      | Found an iron altar of Okawaru.
  2841 | D:2      | Found a glowing golden altar of the Shining One.
  2943 | D:3      | Noticed Jessica
  2948 | D:3      | Found a bloodstained altar of Trog.
  3192 | D:3      | Killed Jessica
  3193 | D:3      | Reached XP level 5. HP: 30/40 MP: 8/8
  3403 | D:3      | Identified Noar's Collected Works on Doomed Creation
  3773 | D:3      | Noticed an orc warrior
  4191 | D:4      | Reached skill level 6 in Transmutations
  4286 | D:4      | Mangled by a wyvern zombie

Illustrated notes

Levels and vault maps discovered:
D:1:      tarquinn_simple_flora_water_c, layout_basic
D:2:      layout_loops_cross, general_overflow_altar, lemuel_crystal_altar,
          minivault_14, serial_bayou_pond_d, minmay_misc_feat_cross,
          nrook_campfire, kennysheep_donut, st_stairs_11,
          okawaru_ov_weapons_minmay
D:3:      layout_loops_ring, lemuel_crystal_altar, lightli_corner_chamber,
          uniq_jessica
D:4:      layout_rooms, st_stairs_2, hex_medium

Skill      XL: |  1  2  3  4  5 |
---------------+----------------+-----
Transmutations | 3 5 6 |  6.0
Fighting       | |  1.1
Dodging        | |  1.7
Unarmed Combat | |  3.0
Spellcasting   | |  2.0

Action                   |  1- 3 |  4- 6 || total
-------------------------+-------+-------++-------
Melee: Unarmed           |   127 |    66 ||   193
       Kick              |    19 |    17 ||    36
       Tailslap          |    11 |     9 ||    20
       Headbutt          |    12 |     5 ||    17
       Punch             |     1 |     3 ||     4
 Cast: Beastly Appendage |    22 |    20 ||    42
Evoke: Wand              |       |     1 ||     1
Armor: Skin              |    41 |    13 ||    54
Dodge: Dodged            |    99 |    27 ||   126

Table legend: (Time is in decaauts)
 A = Elapsed time spent in this place.
 B = Non-inter-level travel time spent in this place.
 C = Inter-level travel time spent in this place.
 D = Time resting spent in this place.
 E = Time spent auto-exploring this place.
 F = Levels seen in this place.
 G = Mean time per level.
                   A        B        C        D        E       F      G
               +--------+--------+--------+--------+--------+-----+--------+
         Total |   4280 |   4213 |     67 |    226 |   3507 |   4 | 1070.0 |
       Dungeon |   4280 |   4213 |     67 |    226 |   3507 |   4 | 1070.0 |
               +--------+--------+--------+--------+--------+-----+--------+

Top non-repeatable levels by time:
     D:1: 1784 daAuts
     D:2: 1121 daAuts
     D:3: 973 daAuts
     D:4: 401 daAuts
